 Dungeon Crawl Stone Soup version 0.17-a0-1719-g1afd5a1 (webtiles) character file.

81 kosy22 the Shield-Bearer (level 4, 0/35 HPs)
             Began as a Formicid Fighter on Aug 28, 2015.
             Killed by divine providence
             ... invoked by an orc priest
              (13 damage)
             ... on level 3 of the Dungeon.
             The game lasted 00:05:58 (2401 turns).

kosy22 the Shield-Bearer (Formicid Fighter)         Turns: 2401, Time: 00:05:59

Health: 0/35       AC:  6    Str: 21    XL:     4   Next: 68%
Magic:  4/4        EV:  7    Int:  8    God:
Gold:   91         SH:  8    Dex: 10    Spells: 0 memorised, 3 levels left

rFire  . . .     SeeInvis +     d - +0 mace (drain)
rCold  . . .     Clarity  .     b - +0 scale mail
rNeg   . . .     SustAt   .     c - +0 shield
rPois  .         Gourm    .     (helmet unavailable)
rElec  .         Spirit   .     (no cloak)
rCorr  .         Warding  .     (no gloves)
rMut   .         Stasis   +     (no boots)
MR     .....                    (no amulet)
Stlth  ..........               (no ring)
                                (no ring)

@: lethally poisoned (0 -> -8), heavily drained, not resistant to hostile
enchantments, extremely unstealthy
A: permanent stasis, dig shafts and tunnels, four strong arms, antennae 3
a: Dig, Shaft Self


You were on level 3 of the Dungeon.
You were not hungry.

You visited 1 branch of the dungeon, and saw 3 of its levels.

You collected 91 gold pieces.

Inventory:

Hand weapons
 a - a +0 rapier
 d - a +0 mace of draining (weapon)
 e - a cursed +0 spear
Armour
 b - a +0 scale mail (worn)
 c - a +0 shield (worn)
Scrolls
 f - 2 scrolls of teleportation
 g - a scroll of recharging
 i - a scroll of identify
Comestibles
 h - 2 chunks of flesh


   Skills:
 + Level 3.4(0.8) Fighting
 + Level 2.3(0.0) Short Blades
 + Level 4.1(1.3) Armour
 + Level 1.3(0.0) Dodging
 + Level 0.6(0.0) Stealth
 + Level 4.4(1.7) Shields


You had 3 spell levels left.
You didn't know any spells.

Dungeon Overview and Level Annotations

Branches:
Dungeon (3/15)

Altars:
Dithmenos


Innate Abilities, Weirdness & Mutations

You are under a permanent stasis effect.
You can dig through walls and to a lower floor.
Your four strong arms can wield two-handed weapons with a shield.
You have a pair of large antennae on your head (SInv).


Message History

The orc wizard hits you but does no damage.
Your shield and scale mail prevent you from hitting the orc wizard.
You feel sick.
The orc wizard hits you but does no damage. x2
The orc priest hits you but does no damage.
You block the orc's attack. The orc priest hits you with a dagger.
The orc wizard hits you with a dagger. The orc hits you with a whip of venom.
You are more poisoned.
You aren't carrying any rechargeable items.
You feel sick.
You feel sick.
The orc wizard gestures at you while chanting.
The magic dart hits you! You block the orc's attack.
You feel sick.
The orc priest mumbles some strange prayers to Beogh against you.
Pain shoots through your body!
You feel sick.
The orc priest mumbles some strange prayers to Beogh against you.
Something smites you!
You die...

########
#......###########
#......#..oo.....##
#......@oo.........
#......#.o.......##
#......#...........
#......#....)......
#......#...........
#.....(#...........
#......#...........
#######......#..........)
#............#


You could see an orc priest, an orc wizard and 3 orcs.

Vanquished Creatures
  Terence (D:2)
  An adder (D:2)
  A worm (D:2)
  A giant gecko (D:1)
  An orc (D:3)
  A ball python (D:1)
  2 giant cockroaches (D:3)
  6 goblins
  5 hobgoblins
  4 jackals
  6 kobolds
  8 bats
  3 giant newts
  4 rats
44 creatures vanquished.

Notes
Turn   | Place    | Note
--------------------------------------------------------------
     0 | D:1      | kosy22 the Formicid Fighter began the quest for the Orb.
     0 | D:1      | Reached XP level 1. HP: 18/18 MP: 1/1
   201 | D:1      | Reached XP level 2. HP: 20/24 MP: 2/2
   427 | D:1      | Reached skill level 4 in Shields
   680 | D:1      | Reached XP level 3. HP: 27/29 MP: 3/3
  1678 | D:2      | Noticed Terence
  1681 | D:2      | Found a shadowy altar of Dithmenos.
  1706 | D:2      | HP: 1/29 [goblin/enchanted spear (3)]
  1712 | D:2      | Killed Terence
  1712 | D:2      | Reached skill level 1 in Dodging
  1712 | D:2      | Reached XP level 4. HP: 1/35 MP: 4/4
  2401 | D:3      | Killed from afar by an orc priest

Vault maps used:
D:1:      lightli_arrival_maybe_door_vault, minmay_large_rounded_square
D:2:      grunt_dithmenos_smoke, first_bread, uniq_terence
D:3:      nemelex_spade_bored_becter

Action                   |  1- 3 |  4- 6 || total
-------------------------+-------+-------++-------
Melee: Rapier            |   171 |     2 ||   173
       Mace              |       |    33 ||    33
  Use: Scroll            |     5 |       ||     5
       Potion            |     1 |       ||     1
  Eat: Bread ration      |     1 |       ||     1
       Chunk             |       |     1 ||     1
